 Dungeon Sprint DCSS version 0.29-a0-529-gfa20dd96a1 (webtiles) character file.

Game seed: 18406745910503665746

297 PanPizza the Nimble (level 6, -2/44 HPs)
             Began as an Octopode Berserker on June 2, 2022.
             Was a Believer of Trog.
             Slain by Sonja
             ... wielding a +2 dagger of venom
              (3 damage)
             ... in the Dungeon (Sprint I: "Red Sonja").
             The game lasted 00:01:32 (346 turns).

PanPizza the Nimble (Octopode Berserker)             Turns: 346, Time: 00:01:33

Health: -2/44      AC:  1    Str: 18    XL:     6   Next: 35%
Magic:  6/6        EV: 18    Int:  9    God:    Trog [**....]
Gold:   162        SH:  0    Dex: 12    Spells: 5/5 levels left

rFire   . . .      SeeInvis .     - Unarmed
rCold   . . .      Faith    .   (no shield)
rNeg    . . .      Spirit   .   (helmet restricted)
rPois   .          Reflect  .   (no amulet)
rElec   .          Harm     .   (no ring)
rCorr   .          Rampage  .   (no ring)
Will    .....      NoTele   +   (no ring)
Stlth   ++........              (no ring)
HPRegen 0.14/turn               (no ring)
MPRegen 0.10/turn               (no ring)
                                (no ring)
                                (no ring)

@: lethally poisoned (-2 -> -17), on berserk cooldown, slowed, very slow
A: almost no armour, amphibious, 8 rings, camouflage 1, gelatinous body 1,
(nimble swimmer 1), tentacles
a: Renounce Religion, Berserk, Trog's Hand


You were in the Dungeon.
You worshipped Trog.
Trog was pleased with you.
You visited 1 branch You collected 162 gold pieces.

Inventory:

Wands
 g - a wand of polymorph (8)
Scrolls
 f - a scroll of blinking
Potions
 a - 3 potions of curing
 c - a potion of haste
 d - 2 potions of magic
 e - a potion of berserk rage


   Skills:
 - Level 4.5 Fighting
 + Level 12.2 Dodging
 - Level 4.4 Unarmed Combat


You had 5 spell levels left.
You didn't know any spells.
Your spell library was empty.

Dungeon Overview and Level Annotations

Branches:
Dungeon (1/1)

Altars:
Sif Muna
Vehumet
Wu Jian

Annotations:
D Sonja


Innate Abilities, Weirdness & Mutations

You cannot wear most types of armour.
You are amphibious.
You can wear up to eight rings at the same time.
Your skin changes colour to match your surroundings (Stealth+).
Your rubbery body absorbs attacks. (AC +1, EV +1)
((You are camouflaged when in or above water. (Stealth+)))
You have tentacles for arms and can constrict up to eight enemies at once.


Message History

You feel very sick.
Sonja throws a curare-tipped dart.
The curare-tipped dart hits you.
You are more poisoned.
You have difficulty breathing.
You feel as though you will be slow longer.
There is a radiant altar of Vehumet here.
You close the door.
Your skin stops crawling.
You feel less strong-willed.
* * * LOW HITPOINT WARNING * * *
You feel extremely sick.
Sonja opens the door.
You close the door.
* * * LOW HITPOINT WARNING * * *
You feel very sick.
Sonja opens the door.
Sonja throws a curare-tipped dart.
The curare-tipped dart closely misses you.
You feel much better.
You feel very sick. Sonja completely misses you. Sonja closely misses you.
Sonja hits you with a +2 dagger of venom!
* * * LOW HITPOINT WARNING * * *
You are lethally poisoned!
Unknown command.
Press < or > to pray at altars.
Unknown command.
Press < or > to pray at altars.
Unknown command.
Press < or > to pray at altars.
Unknown command.
Press < or > to pray at altars.
You closely miss Sonja. Your grab misses Sonja. You squeeze Sonja.
Sonja is lightly wounded.
* * * LOW HITPOINT WARNING * * *
You feel very sick. Sonja misses you.
Sonja hits you with a +2 dagger of venom.
* * * LOW HITPOINT WARNING * * *
Sonja misses you.
Sonja hits you with a +2 dagger of venom.
You die...

################
#<.#..'..#.)'..#
#..').#.)'..#..+
#..#####'#####'#
#..# #..# #!#
#..# #### ##(#
#..# #+#_.+ #⌠⌠#
+..._# ####
#@.#+# ##K# #.#
+$.$+ #$.$#
##.## #+#


You could see Sonja.

Vanquished Creatures
  Sigmund (D)
  An ogre (D)
  A jelly (D)
  Ijyb (D)
4 creatures vanquished.

Notes
Turn   | Place    | Note
-------+----------+-------------------------------------------
     0 | D        | PanPizza the Octopode Berserker began the quest for the
                  | Orb.
     0 | D        | Reached XP level 1. HP: 16/16 MP: 1/1
     2 | D        | Noticed Ijyb
     9 | D        | Killed Ijyb
    10 | D        | Reached skill level 4 in Dodging
    10 | D        | Reached XP level 2. HP: 23/23 MP: 2/2
    10 | D        | Reached XP level 3. HP: 27/27 MP: 3/3
    59 | D        | Noticed an ogre
    65 | D        | Killed an ogre
    66 | D        | Reached skill level 8 in Dodging
    66 | D        | Reached XP level 4. HP: 34/34 MP: 4/4
    73 | D        | Noticed Sigmund
    80 | D        | Killed Sigmund
    80 | D        | Reached ** piety under Trog
    81 | D        | Reached skill level 11 in Dodging
    81 | D        | Reached XP level 5. HP: 38/38 MP: 5/5
    81 | D        | Reached XP level 6. HP: 44/44 MP: 6/6
   323 | D        | Found an ornate altar of the Wu Jian Council.
   323 | D        | Found a shimmering blue altar of Sif Muna.
   325 | D        | Found a radiant altar of Vehumet.
   333 | D        | Reached skill level 12 in Dodging
   334 | D        | Noticed Sonja
   346 | D        | HP: 1/44 [Sonja/+2 dagger of venom (5)]
   346 | D        | Slain by Sonja

Illustrated notes

Levels and vault maps discovered:
D:        dungeon_sprint_1 [red_sonja_temple_1, red_sonja_temple_small_1]

Skill      XL: |  1  2  3  4  5  6 |
---------------+-------------------+-----
Fighting       | 4 |  4.5
Dodging        | 4 8 11 12 | 12.2
Unarmed Combat | 4 |  4.4

Action                   |  1- 3 |  4- 6 || total
-------------------------+-------+-------++-------
Melee: Unarmed           |     8 |    11 ||    19
       Tentacles         |     3 |     3 ||     6
       Constrict         |     1 |     1 ||     2
       Punch             |     1 |       ||     1
Invok: Berserk           |     1 |     2 ||     3
       Trog's Hand       |       |     1 ||     1
  Use: Potion            |       |     1 ||     1
 Stab: Sleeping          |       |     2 ||     2
Armor: Skin              |       |     1 ||     1
Dodge: Dodged            |     3 |    18 ||    21

Table legend: (Time is in decaauts)
 A = Elapsed time spent in this place.
 B = Non-inter-level travel time spent in this place.
 C = Inter-level travel time spent in this place.
 D = Time resting spent in this place.
 E = Time spent auto-exploring this place.
 F = Levels seen in this place.
 G = Mean time per level.
                   A        B        C        D        E       F      G
               +--------+--------+--------+--------+--------+-----+--------+
         Total |    363 |    363 |      0 |    285 |      0 |   1 |  363.0 |
       Dungeon |    363 |    363 |      0 |    285 |      0 |   1 |  363.0 |
               +--------+--------+--------+--------+--------+-----+--------+

Top non-repeatable levels by time:
       D: 363 daAuts
